Map: Terrasses de Prion

Players

zidar - Winner!

  • Race: Zerg Zerg
  • League: Silver
  • Spawn Location: 11:00

DBL

  • Race: Protoss Protoss
  • League: Silver
  • Spawn Location: 5:00

VOD

Have the link to the VOD?

Description

Time

  • Played on: Feb. 5, 2016, 8:30 a.m.
  • Length: 10:45
Show
View Real Time Build Order
Export as new Build Order

zidar Zerg - Winner!

Build Orders: Pool First 

Get SALT Encoding   

  12  0:03  Drone  
  13  0:13  Overlord  
  13  0:19  Drone  
  14  0:31  Drone x2  
  14  0:35  Drone  
  17  0:47  Spawning Pool  
  17  0:49  Drone  
  17  1:12  Hatchery  
  16  1:20  Drone  
  16  1:21  Drone  
  16  1:24  Extractor  
  17  1:27  Drone  
  18  1:38  Queen  
  20  1:44  Overlord  
  20  2:04  Drone  
  21  2:12  Roach Warren  
  21  2:13  Drone  
  21  2:15  Queen  
  23  2:31  Drone  
  23  2:32  Drone x2  
  26  2:50  Zergling x2  
  26  2:51  Zergling x8  
  31  2:52  Zergling x2  
  32  3:11  Metabolic Boost  
  32  3:15  Queen  
  32  3:19  Roach  
  32  3:53  Roach x2  
  35  3:57  Overlord x2  
  35  3:58  Overlord  
  35  4:29  Zergling x2  
  35  4:30  Zergling x16  
  44  4:42  Overlord x2  
  44  4:45  Drone x4  
  48  4:51  Hatchery  
  47  5:04  Drone x6  
  51  5:45  Roach x12  
  74  6:08  Queen  
  76  6:12  Lair  
  76  6:25  Extractor, Drone x6  
  81  6:33  Overlord  
  81  6:34  Overlord x2  
  67  7:18  Spore Crawler  
  60  7:24  Overseer  
  60  7:26  Pneumatized Carapace  
  60  7:28  Roach  
  60  7:29  Roach x6  
  62  7:30  Zergling x2  
  62  7:31  Zergling x16  
  62  7:33  Spore Crawler  
  64  7:49  Extractor  
  63  7:52  Extractor  
  62  8:01  Drone x3  
  65  8:23  Drone x3  
  64  9:00  Roach  
  64  9:01  Roach x18  
  102  9:04  Glial Reconstitution  
  102  9:27  Drone x3  
  105  9:58  Overlord  
  105  9:59  Overlord x4  
  105  10:00  Overlord  
Show
View Real Time Build Order
Export as new Build Order

DBL Protoss 

Build Orders:  

Get SALT Encoding   

  12  0:02  Probe (Chrono Boost)  
  13  0:12  Probe (Chrono Boost)  
  14  0:23  Probe (Chrono Boost)  
  14  0:24  Pylon  
  15  0:42  Probe (Chrono Boost)  
  16  0:45  Gateway  
  16  0:53  Probe (Chrono Boost)  
  17  1:02  Assimilator  
  17  1:03  Probe (Chrono Boost)  
  18  1:14  Probe (Chrono Boost)  
  19  1:23  Gateway  
  19  1:24  Probe (Chrono Boost)  
  20  1:35  Probe (Chrono Boost)  
  20  1:38  Cybernetics Core  
  21  1:41  Pylon  
  21  1:45  Zealot (Chrono Boost)  
  23  1:52  Assimilator  
  23  1:59  Probe  
  24  2:05  Pylon  
  24  2:12  Probe  
  24  2:14  Zealot (Chrono Boost)  
  27  2:20  Adept (Chrono Boost)  
  29  2:24  Probe  
  30  2:36  Probe  
  31  2:45  Nexus  
  31  2:48  Probe  
  32  3:01  Gateway  
  32  3:05  Pylon  
  32  3:16  Twilight Council  
  26  3:43  Pylon  
  26  3:44  Warp Gate (Chrono Boost)  
  26  3:47  Stalker  
  28  3:49  Adept  
  28  3:50  Zealot  
  28  3:55  Charge  
  32  4:00  Probe  
  33  4:03  Probe  
  34  4:10  Probe  
  34  4:16  Pylon  
  35  4:21  Pylon  
  35  4:27  Assimilator  
  35  4:40  Gateway  
  35  4:41  Pylon  
  35  4:53  Probe  
  35  4:55  Pylon  
  36  5:04  Probe  
  36  5:05  Pylon  
  37  5:13  Adept x3  
  43  5:14  Probe  
  43  5:20  Mothership Core (Chrono Boost)  
  39  5:26  Probe (Chrono Boost)  
  32  5:38  Dark Shrine  
  30  5:49  Pylon  
  30  6:04  Stalker  
  30  6:05  Stalker  
  34  6:17  Nexus  
  34  6:26  Probe (Chrono Boost)  
  35  6:36  Probe (Chrono Boost)  
  37  6:47  Probe (Chrono Boost)  
  33  6:54  Dark Templar  
  33  6:57  Probe (Chrono Boost)  
  33  7:00  Dark Templar  
  32  7:08  Probe (Chrono Boost)  
  28  7:11  Dark Templar  
  29  7:18  Probe (Chrono Boost)  
  29  7:23  Dark Templar  
  29  7:38  Probe (Chrono Boost)  
  29  7:41  Probe (Chrono Boost)  
  31  7:48  Probe (Chrono Boost)  
  32  7:59  Probe (Chrono Boost)  
  33  8:05  Pylon  
  33  8:09  Probe (Chrono Boost)  
  34  8:20  Probe (Chrono Boost)  
  35  8:30  Probe (Chrono Boost)  
  30  8:51  Probe (Chrono Boost)  
  30  8:54  Zealot  
  29  8:55  Zealot  
  29  8:57  Stalker  
  29  8:58  Dark Templar  
  29  9:02  Probe (Chrono Boost)  
  37  9:03  Probe (Chrono Boost)  
  37  9:12  Probe (Chrono Boost)  
  37  9:13  Stargate, Probe (Chrono Boost)  
  39  9:19  Assimilator  
  39  9:23  Probe (Chrono Boost), Assimilator  
  40  9:27  Stargate  
  40  9:33  Probe (Chrono Boost)  
  41  9:44  Probe (Chrono Boost)  
  42  9:50  Nexus  
  41  9:54  Probe (Chrono Boost)  
  42  10:04  Probe  
  51  10:16  Probe  
  27  10:32  Stargate  
Tags
 
Add a new tag
Caveats
  • Supply blocks, unpowered buildings, or Contaminate may cause inaccurate times.
  • Supply counts are checked every 10 seconds.